 Dungeon Crawl Stone Soup version 0.17-a0-777-g32247ce (webtiles) character file.

350 inmateoo the Ruffian (level 6, -7/49 (52) HPs)
             Began as a Ghoul Necromancer on Apr 25, 2015.
             Mangled by an ogre
             ... wielding a +0 giant club
              (12 damage)
             ... on level 5 of the Dungeon.
             The game lasted 00:08:17 (3278 turns).

inmateoo the Ruffian (Ghoul Necromancer)            Turns: 3278, Time: 00:08:17

HP:   -7/49 (52)    AC:  8    Str: 11 (12) XL:     6   Next: 61%
MP:   7/7           EV: 10    Int: 10      God:
Gold: 261           SH:  0    Dex: 18 (19) Spells: 1 memorised, 7 levels left

rFire  . . .     SeeInvis +       - Unarmed
rCold  + . .     Clarity  .     m - +0 chain mail
rNeg   + + +     SustAb   .     (no shield)
rPois  ∞         Gourm    .     f - +0 hat
rElec  .         Spirit   .     (no cloak)
rCorr  .         Warding  .     (no gloves)
rMut   .         Stasis   .     (no boots)
MR     .....                    (no amulet)
Stlth  ..........               i - ring of see invisible
                                g - +3 ring of dexterity

@: agile, rotting, not resistant to hostile enchantments, extremely unstealthy
A: rotting body, claws 1, carnivore 3, cold resistance 1, negative energy
resistance 3, slow healing 1, torment resistance, unbreathing
a: no special abilities


You were on level 5 of the Dungeon.
You were not hungry.

You visited 1 branch of the dungeon, and saw 5 of its levels.
You also visited: Sewer.

You collected 261 gold pieces.

Inventory:

Armour
 a - a +0 robe
 f - a +0 hat (worn)
 m - a +0 chain mail (worn)
 n - a troll hide {Purgy}
Magical staves
 r - an uncursed staff of fire {unknown}
Jewellery
 g - a +3 ring of dexterity (left claw)
 i - a ring of see invisible (right claw)
Scrolls
 e - 2 scrolls of remove curse
Potions
 h - a potion of curing
 k - a potion of resistance
 u - a potion of mutation
 v - a potion of magic
Books
 b - a book of Necromancy

   Spells                             Type                      Level
   a - Pain                           Necromancy                   1
   b - Animate Skeleton               Necromancy                   1
   c - Vampiric Draining              Necromancy                   3
   d - Regeneration                   Charms/Necromancy            3
   e - Animate Dead                   Necromancy                   4
   f - Control Undead                 Necromancy                   4
 j - a book of Battle

   Spells                             Type                      Level
   a - Infusion                       Charms                       1
   b - Shroud of Golubria             Charms/Translocation         2
   c - Song of Slaying                Charms                       2
   d - Spectral Weapon                Hexes/Charms                 3
   e - Regeneration                   Charms/Necromancy            3
 p - a book of the Warp

   Spells                             Type                      Level
   a - Recall                         Summoning/Translocation      3
   b - Gell's Gravitas                Hexes/Translocation          3
   c - Control Teleport               Charms/Translocation         4
   d - Force Lance                    Conjuration/Translocation    4
   e - Phase Shift                    Translocation                5
   f - Warp Weapon                    Charms/Translocation         5
   g - Summon Forest                  Summoning/Translocation      5
Comestibles
 c - 6 meat rations
 d - a beef jerky
 l - 2 chunks of flesh


   Skills:
 + Level 3.8 Fighting
 - Level 1.7 Dodging
 - Level 2.1 Stealth
 * Level 5.6 Unarmed Combat
 - Level 1.7 Spellcasting
 - Level 4.0 Necromancy


You had 7 spell levels left.
You knew the following spells:

 Your Spells              Type           Power        Failure   Level  Hunger
a - Pain                  Necr           #...         100%        1    ##.....


Dungeon Overview and Level Annotations

Branches:
Dungeon (5/15)
 Temple: D:4-7

Altars:
Nemelex Xobeh
Okawaru
Ru
Sif Muna

Annotations:
D:3 ImmaFairy's ghost, average FoFi
D:4 ImmaFairy's ghost, experienced FoFi


Innate Abilities, Weirdness & Mutations

Your body is rotting away.
You thrive on raw meat.
You are immune to poison.
You have sharp fingernails.
You are carnivorous and can eat meat at any time.
Your flesh is cold resistant.
You are immune to negative energy.
You heal slowly when monsters are visible.
You are immune to unholy pain and torment.
You can survive without breathing.


Message History

You see here 2 stones.
You see here a stone.
Drink which item? (? for menu, Esc to quit)
You can't drink that!
Unknown command.
Drink which item? (? for menu, Esc to quit)
It was a potion of mutation.
You feel extremely strange.
Your body decomposes!
You feel weakened.
Your body decomposes! x2
You feel clumsy. The ogre hits you with a giant club!!
* * * LOW HITPOINT WARNING * * *
Drink which item? (? for menu, Esc to quit)
It was a potion of agility.
You feel agile all of a sudden.
Drink which item? (? for menu, Esc to quit)
It was a potion of poison.
You feel slightly nauseous. The ogre hits you with a giant club!
You die...

#.(..# #(####
#.# #######
#.# #.....#
#.#
#.###.###.#
#.........#
#####.#####.#
#.O@....#
#########


You could see an ogre.

Vanquished Creatures
  Purgy (Sewer)
  2 hounds
  A worker ant (D:5)
  3 gnolls (D:2)
  9 adders
  An ooze (D:2)
  A worm (D:2)
  2 giant geckos
  An orc (D:3)
  2 ball pythons
  6 bats
  4 giant cockroaches
  3 goblins
  6 hobgoblins
  2 quokkas
  6 giant newts
  8 kobolds
  8 rats
66 creatures vanquished.

Notes
Turn   | Place    | Note
--------------------------------------------------------------
     0 | D:1      | inmateoo, the Ghoul Necromancer, began the quest for the Orb.
     0 | D:1      | Reached XP level 1. HP: 14/14 MP: 2/2
   277 | D:1      | Reached skill level 1 in Unarmed Combat
   316 | D:1      | Reached XP level 2. HP: 18/20 MP: 3/3
   651 | D:2      | Reached skill level 1 in Fighting
   714 | D:2      | Found a deep blue altar of Sif Muna.
  1027 | D:2      | Reached XP level 3. HP: 21/28 MP: 4/4
  1138 | D:2      | Found a sparkling altar of Nemelex Xobeh.
  1245 | D:2      | Reached XP level 4. HP: 9/36 MP: 5/5
  1597 | D:3      | Found a glowing drain.
  1657 | Sewer    | Entered a sewer
  1792 | Sewer    | Noticed Purgy
  1810 | Sewer    | Killed Purgy
  1810 | Sewer    | Reached XP level 5. HP: 22/45 MP: 6/6
  1895 | D:3      | Found a sacrificial altar of Ru.
  2011 | D:3      | Noticed ImmaFairy's ghost (average FoFi)
  2058 | D:2      | Reached skill level 5 in Unarmed Combat
  2058 | D:2      | Reached XP level 6. HP: 45/49 MP: 7/7
  2760 | D:4      | Noticed ImmaFairy's ghost (experienced FoFi)
  2775 | D:4      | Found an iron altar of Okawaru.
  2918 | D:5      | Entered Level 5 of the Dungeon
  3278 | D:5      | Mangled by an ogre

Action                   |  1- 3 |  4- 6 || total
-------------------------+-------+-------++-------
Melee: Unarmed           |   130 |   179 ||   309
 Cast: Pain              |     2 |       ||     2
  Use: Scroll            |     5 |    10 ||    15
       Potion            |       |     8 ||     8
 Stab: Sleeping          |     1 |       ||     1
       Invisible         |       |     1 ||     1
  Eat: Chunk             |    15 |    13 ||    28
